 Dungeon Crawl Stone Soup version 0.20-a0-1122-gb7cbeb9 (webtiles) character file.

382 anfisbena the Chopper (level 6, 0/58 HPs)
             Began as a Hill Orc Berserker on May 14, 2017.
             Was a Priest of Trog.
             Slain by a centaur (10 damage)
             ... on level 4 of the Dungeon.
             The game lasted 00:03:08 (4055 turns).

anfisbena the Chopper (Hill Orc Berserker)          Turns: 4055, Time: 00:03:09

Health: 0/58       AC:  3    Str: 20    XL:     6   Next: 76%
Magic:  6/6        EV: 12    Int:  7    God:    Trog [***...]
Gold:   153        SH:  0    Dex: 12    Spells: 5/5 levels left

rFire    . . .     SeeInvis +   a - +0 hand axe
rCold    . . .     Gourm    .   (no shield)
rNeg     . . .     Faith    .   b - +0 animal skin
rPois    .         Spirit   .   q - +0 helmet {SInv}
rElec    .         Reflect  .   (no cloak)
rCorr    .         Harm     .   (no gloves)
MR       .....                  (no boots)
Stlth    +.........             (no amulet)
Regen    0.2/turn               (no ring)
MPRegen  0.1/turn               (no ring)

@: no status effects
A: no striking features
a: Berserk, Trog's Hand, Burn Spellbooks, Renounce Religion


You were on level 4 of the Dungeon.
You worshipped Trog.
Trog was most pleased with you.
You were not hungry.

You visited 1 branch of the dungeon, and saw 4 of its levels.

You collected 153 gold pieces.

Inventory:

Hand Weapons
 a - a +0 hand axe (weapon)
Armour
 b - a +0 animal skin (worn)
 q - a +0 helmet of see invisible (worn)
 x - a +0 pair of gloves
Jewellery
 g - a +2 ring of slaying {unknown}
Scrolls
 d - 6 scrolls of identify {unknown}
 e - a scroll of fog {unknown}
 f - 2 scrolls of enchant weapon {unknown}
 j - 2 scrolls of remove curse {unknown}
 m - a scroll of recharging {unknown}
 o - 2 scrolls of enchant armour {unknown}
 p - a scroll of random uselessness {unknown}
 r - a scroll of noise {unknown}
 s - 2 scrolls of magic mapping {unknown}
 w - a scroll of immolation {unknown}
Potions
 h - 2 potions of curing {unknown}
 i - 2 potions of flight {unknown}
 l - 2 potions of brilliance {unknown}
 n - 2 potions of magic {unknown}
 u - a potion of cancellation {unknown}
 v - 2 potions of heal wounds {unknown}
 z - a potion of degeneration {unknown}
Comestibles
 c - 7 bread rations
 k - a royal jelly
 t - 2 chunks of flesh


   Skills:
 + Level 6.6 Fighting
 + Level 7.5 Axes
 - Level 2.1 Armour
 - Level 1.5 Dodging


You had 5 spell levels left.
You didn't know any spells.

Dungeon Overview and Level Annotations

Branches:
Dungeon (4/15)             Temple (0/1) D:4

Altars:


Message History

You are too injured to fight recklessly!
You are too injured to fight recklessly!
You are too injured to fight recklessly!
You are too injured to fight recklessly!
You are too injured to fight recklessly!
You are too injured to fight recklessly!
The centaur shoots an arrow.
The arrow hits you!
Things that are here:
an arrow; a scroll labeled WEROAB QARANT The centaur unwields an uncursed shortbow.
The centaur hits you!
* * * LOW HITPOINT WARNING * * *
The centaur hits you.
* * * LOW HITPOINT WARNING * * *
The centaur hits you!
* * * LOW HITPOINT WARNING * * *
You hit the centaur.
The centaur is lightly wounded.
The centaur hits you!
You die...

####.....###...#
##########...#
#....b.......#
#............#
#............#
#......(.....#
##...##(##...#
#.. #.####+# ...
#@c....# ..
#......# .
#......#
#......#
#......#
+......#
########


You could see a centaur.

Vanquished Creatures
  A phantom (D:4)
  A howler monkey (D:3)
  A centaur skeleton (D:4)
  Natasha (thrice) (D:2)
  A worker ant (D:4)
  Robin (D:2)
  3 adders
  An ooze (D:1)
  2 worms
  2 dart slugs
  3 leopard geckos
  3 orcs
  3 giant cockroaches
  13 goblins
  4 hobgoblins
  2 ball pythons (D:2)
  13 bats
  6 frilled lizards
  7 kobolds
  10 rats
80 creatures vanquished.

Notes
Turn   | Place    | Note
-------+----------+-------------------------------------------
     0 | D:1      | anfisbena the Hill Orc Berserker began the quest for the Orb.
     0 | D:1      | Reached XP level 1. HP: 19/19 MP: 1/1
   602 | D:1      | Reached XP level 2. HP: 22/27 MP: 2/2
  1221 | D:1      | Reached XP level 3. HP: 25/33 MP: 3/3
  1738 | D:2      | Reached skill level 5 in Axes
  1832 | D:2      | Reached ** piety under Trog
  2034 | D:2      | Noticed Robin
  2043 | D:2      | Reached XP level 4. HP: 39/41 MP: 4/4
  2046 | D:2      | Killed Robin
  2289 | D:2      | Noticed Natasha
  2301 | D:2      | Killed Natasha
  2301 | D:2      | Reached skill level 5 in Fighting
  2447 | D:2      | Noticed Natasha
  2461 | D:2      | Killed Natasha
  2461 | D:2      | Reached skill level 6 in Axes
  2461 | D:2      | Reached XP level 5. HP: 42/48 MP: 5/5
  2509 | D:2      | Noticed Natasha
  2514 | D:2      | Killed Natasha
  3080 | D:3      | Reached XP level 6. HP: 55/57 MP: 6/6
  3247 | D:3      | Reached *** piety under Trog
  3652 | D:4      | Noticed a phantom
  3669 | D:4      | Killed a phantom
  3669 | D:4      | Reached skill level 7 in Axes
  3760 | D:4      | Found a staircase to the Ecumenical Temple.
  4055 | D:4      | Slain by a centaur

Vault maps used:
D:1:      sevenhm_arrival_forest_fort_large_2
D:2:      uniq_robin, uniq_natasha
D:3:      wad_crossroads
D:4:      minmay_temple_entry_butterflies, serial_shops, shop, first_bread,
          uniq_duvessa, uniq_menkaure

Skill      XL: |  1  2  3  4  5  6 |
---------------+-------------------+-----
Fighting       | 4 5 6 |  6.6
Axes           | 5 6 7 |  7.5
Armour         | |  2.1
Dodging        | |  1.5

Action                   |  1- 3 |  4- 6 || total
-------------------------+-------+-------++-------
Melee: Hand axe          |   117 |   126 ||   243
Invok: Berserk           |     1 |     5 ||     6
 Stab: Sleeping          |     3 |     1 ||     4
  Eat: Chunk             |     4 |    11 ||    15
Armor: Animal skin       |    36 |    20 ||    56
Dodge: Dodged            |    83 |    65 ||   148
